 Dungeon Crawl Stone Soup version 0.27-a0-1565-gad902ab807 (webtiles) character file.

Game seed: 4278885506298895794

6486 Wyvernaa the Covert (level 11, -9/56 HPs)
             Began as a Vine Stalker Fighter on July 16, 2021.
             Was a Believer of Uskayaw.
             Mangled by a shadow (29 damage)
             ... on level 10 of the Dungeon on July 17, 2021.
             The game lasted 00:29:41 (9881 turns).

Wyvernaa the Covert (Vine Stalker Fighter)          Turns: 9881, Time: 00:29:42

Health: -9/56      AC:  9    Str: 23    XL:     11   Next: 0%
Magic:  0/17       EV:  9    Int:  8    God:    Uskayaw [**....]
Gold:   557        SH: 10    Dex: 13    Spells: 17/17 levels left

rFire    . . .     SeeInvis .   a - +1 rapier (vamp)
rCold    . . .     Faith    .   c - +0 kite shield
rNeg     . . .     Spirit   +   b - +0 scale mail
rPois    +         Reflect  .   (no helmet)
rElec    .         Harm     .   (no cloak)
rCorr    .         Rampage  .   (no gloves)
Will     +....                  v - +0 pair of boots
Stlth    +++.......             k - amulet of regeneration
HPRegen  2.18/turn              h - ring of poison resistance
MPRegen  0.15/turn              (no ring)

@: no status effects
A: fangs 3, regeneration 1, magic shield, antimagic bite, no potion heal 2
a: Renounce Religion, Stomp, Line Pass


You were on level 10 of the Dungeon.
You worshipped Uskayaw.
Uskayaw was noncommittal.
You visited 2 branches of the dungeon, and saw 11 of its levels.

You collected 557 gold pieces.

Inventory:

Hand Weapons
 a - a +1 vampiric rapier (weapon)
 l - a +0 dagger of speed
 t - a +0 short sword of protection
Missiles
 g - 3 curare-tipped darts (quivered)
Armour
 b - a +0 scale mail (worn)
 c - a +0 kite shield (worn)
 q - a +0 plate armour
 v - a +0 pair of boots (worn)
Jewellery
 h - a ring of poison resistance (left hand)
 k - an amulet of regeneration (around neck)
 y - a ring of fire
 C - an amulet of the acrobat
Wands
 n - a wand of iceblast (14)
 w - a wand of charming (11)
 B - a wand of flame (18)
Scrolls
 p - a scroll of blinking
 r - a scroll of silence
 A - a scroll of magic mapping
 E - 2 scrolls of amnesia
Potions
 d - a potion of magic
 e - a potion of resistance {unknown}
 f - 4 potions of curing
 i - 3 potions of haste
 j - 2 potions of heal wounds {unknown}
 m - a potion of mutation {unknown}
 o - 3 potions of attraction {unknown}
 s - 3 potions of lignification {unknown}
 u - 2 potions of brilliance {unknown}
 x - a potion of ambrosia {unknown}
 z - a potion of might
 F - 4 potions of flight {unknown}


   Skills:
 + Level 5.2 Fighting
 + Level 7.7 Short Blades
 + Level 6.4 Armour
 + Level 3.0 Dodging
 * Level 9.5 Stealth
 + Level 6.0 Shields
 * Level 3.5 Spellcasting
 * Level 2.2 Invocations
 + Level 0.1 Evocations


You had 17 spell levels left.
You didn't know any spells.
Your spell library contained the following spells:

 Spells                   Type           Power      Damage    Failure   Level
 Magic Dart               Conj           4%         1d3       92%         1
 Summon Small Mammal      Summ           4%         N/A       92%         1
 Ensorcelled Hibernation  Hex/Ice        2%         N/A       98%         2
 Slow                     Hex            1%         N/A       98%         2
 Call Canine Familiar     Summ           1%         N/A       100%        3
 Confusing Touch          Hex            1%         N/A       100%        3
 Spider Form              Tmut/Pois      0%         N/A       100%        3
 Summon Guardian Golem    Hex/Summ       1%         N/A       100%        3
 Tukima's Dance           Hex            1%         N/A       100%        3
 Vampiric Draining        Necr           0%         2d6       100%        3
 Passage of Golubria      Tloc           N/A        N/A       100%        4
 Alistair's Intoxication  Tmut/Pois      0%         N/A       100%        5
 Borgnjor's Vile Clutch   Necr/Erth      0%         N/A       100%        5
 Fireball                 Conj/Fire      0%         3d3       100%        5
 Iskenderun's Battlesphe  Conj           1%         2d6       100%        5
 Yara's Violent Unravell  Hex/Tmut       0%         3d3       100%        5
 Conjure Ball Lightning   Conj/Air       0%         3x3d6     100%        6
 Eringya's Noxious Bog    Tmut/Pois      0%         N/A       100%        6
 Shadow Creatures         Summ           N/A        N/A       100%        6
 Orb of Destruction       Conj           0%         N/A       100%        7
 Spellforged Servitor     Conj/Summ      0%         N/A       100%        7


Dungeon Overview and Level Annotations

Branches:
Dungeon (10/15)            Temple (1/1) D:5            Lair (0/6) D:8
    Orc: D:9-12

Altars:
Cheibriados
Elyvilon
Fedhas
Gozag
Hepliaklqana
Kikubaaqudgha
Makhleb
Nemelex Xobeh
Okawaru
Qazlal
Ru
Sif Muna
Trog
Uskayaw
Vehumet
Wu Jian
Xom
Yredelemnul
The Shining One

Shops:
D:7 !

Annotations:
D:3 1 runed translucent door, Crazy Yiuf
D:9 1 runed translucent door, dolemite99's ghost, novice DjTm


Innate Abilities, Weirdness & Mutations

You have razor-sharp teeth.
Your natural rate of healing is unusually fast.
When hurt, damage is shared between your health and your magic reserves.
Your bite disrupts and absorbs the magic of your enemies.
Potions cannot restore your health.


Message History

The shadow flickers and vanishes!
Deactivating autopickup; reactivate with Ctrl-A.
No target in view!
No target in view!
No target in view!
No target in view!
No target in view!
You miss something.
The shadow strikes at you from the darkness!
You closely miss something.
The shadow strikes at you from the darkness!
Reactivating autopickup.
You can no longer pass through a line of other dancers.
You puncture the shadow! You bite the shadow, but do no damage.
The shadow is almost destroyed.
The shadow slips into darkness.
The shadow flickers and vanishes!
Deactivating autopickup; reactivate with Ctrl-A.
You can now pass through a line of other dancers.
You hit something but do no damage. Your bite misses something.
The shadow strikes at you from the darkness!
Reactivating autopickup.
You closely miss the shadow.
The shadow is almost destroyed.
The shadow slips into darkness.
The shadow flickers and vanishes!
Deactivating autopickup; reactivate with Ctrl-A.
You hit something. You bite something.
The shadow strikes at you from the darkness!
* * * LOW HITPOINT WARNING * * *
Reactivating autopickup.
You barely miss the shadow.
The shadow is almost destroyed.
The shadow slips into darkness.
The shadow flickers and vanishes!
Deactivating autopickup; reactivate with Ctrl-A.
You closely miss something.
The shadow strikes at you from the darkness!
Ouch! That really hurt!
You die...

............#†#
.######...###.###
..(.....### #.#..
.######.## #.#.#
#####...####.#.#
#)...........#.# #
#.###...###.(#.#
....#.####.####....####.
#....{@................
....#.####.####.######..
# ...............
...#.#########.#.# .?.
#..... ## ### ###


There were no monsters in sight!

Vanquished Creatures
  A two-headed ogre (D:9)
  An ugly thing (D:8)
  A hornet (D:9)
  Grinder (D:6)
  Eustachio (D:5)
  Menkaure (D:5)
  Edmund (D:5)
  A water moccasin (D:5)
  Duvessa (D:6)
  A black bear (D:8)
  A sky beast (D:8)
  2 orc warriors (D:8)
  2 ogres (D:4)
  6 centaurs
  Blork the orc (D:6)
  2 kobold brigands (D:8)
  3 bullfrogs
  2 gnoll sergeants
  Dowan (D:6)
  A water moccasin zombie (D:5)
  A water moccasin skeleton (D:4)
  18 killer bees
  8 wights
  7 howler monkeys
  A crimson imp (D:8)
  2 hounds
  7 orc priests
  4 bullfrog zombies
  2 gnoll shamans (D:8)
  3 jellies
  2 bullfrog skeletons
  Jessica (D:3)
  3 iguanas
  Ijyb (D:3)
  9 orc wizards
  3 howler monkey zombies
  22 gnolls
  6 adders
  A white imp (D:8)
  An ufetubus (D:6)
  An adder zombie (D:5)
  2 worms
  A dart slug (D:2)
  25 orcs
  7 ball pythons
  5 endoplasms
  4 giant cockroaches
  7 goblins
  16 hobgoblins
  6 jackals
  4 quokkas
  5 bats
  A frilled lizard (D:1)
  15 kobolds
  9 rats
241 creatures vanquished.

Vanquished Creatures (others)
  A fungus (D:1)
  38 plants (D:8)
  2 withered plants (D:9)
41 creatures vanquished.

Grand Total: 282 creatures vanquished

Notes
Turn   | Place    | Note
-------+----------+-------------------------------------------
     0 | D:1      | Wyvernaa the Vine Stalker Fighter began the quest for the
                  | Orb.
     0 | D:1      | Reached XP level 1. HP: 11/11 MP: 2/2
     2 | D:1      | Noticed a gargoyle
     2 | D:1      | Noticed a barachi
     4 | D:1      | Noticed an octopode
     4 | D:1      | Noticed a merfolk
     6 | D:1      | Noticed a draconian
     8 | D:1      | Noticed a demonspawn
     8 | D:1      | Noticed a human
    10 | D:1      | Noticed an ogre
    10 | D:1      | Noticed a troll
    12 | D:1      | Noticed a ghoul
    12 | D:1      | Noticed a minotaur
    14 | D:1      | Noticed a vampire
    16 | D:1      | Noticed a djinni
    16 | D:1      | Noticed a vine stalker
    18 | D:1      | Noticed a demigod
    18 | D:1      | Noticed a formicid
    20 | D:1      | Noticed a spriggan
    20 | D:1      | Noticed a palentonga
    22 | D:1      | Noticed a naga
    22 | D:1      | Noticed a dwarf
    24 | D:1      | Noticed a tengu
    24 | D:1      | Noticed an elf
    26 | D:1      | Noticed a felid
   188 | D:1      | Reached skill level 1 in Stealth
   195 | D:1      | Reached XP level 2. HP: 13/16 MP: 3/3
   524 | D:1      | Reached XP level 3. HP: 19/19 MP: 4/4
   902 | D:1      | Found a faded altar of an unknown god.
   908 | D:1      | Got Plato's Guide on Attacks
  2043 | D:3      | Gained mutation: Your natural rate of healing is unusually
                  | fast. [Vine Stalker growth]
  2043 | D:3      | Reached XP level 4. HP: 23/23 MP: 6/6
  2193 | D:4      | Reached skill level 1 in Spellcasting
  2194 | D:4      | Noticed an ogre
  2223 | D:4      | Reached skill level 2 in Stealth
  2238 | D:4      | Noticed an ogre
  2243 | D:4      | Killed an ogre
  2244 | D:4      | Reached XP level 5. HP: 28/28 MP: 6/8
  2280 | D:4      | Killed an ogre
  2281 | D:4      | Reached skill level 3 in Stealth
  2281 | D:4      | Reached XP level 6. HP: 15/32 MP: 9/9
  2565 | D:3      | Noticed Ijyb
  2811 | D:3      | Found a runed translucent door.
  2812 | D:3      | Noticed Crazy Yiuf
  2901 | D:3      | Paralysed by Ijyb for 2 turns
  2906 | D:3      | Paralysed by Ijyb for 3 turns
  2919 | D:3      | Killed Ijyb
  3029 | D:3      | Reached XP level 7. HP: 31/36 MP: 7/11
  3136 | D:3      | Noticed Jessica
  3297 | D:3      | Found a blossoming altar of Fedhas.
  3298 | D:3      | Found an iron altar of Okawaru.
  3300 | D:3      | Found a snail-covered altar of Cheibriados.
  3304 | D:3      | Found a burning altar of Makhleb.
  3304 | D:3      | Found a radiant altar of Vehumet.
  3304 | D:3      | Found a sacrificial altar of Ru.
  3306 | D:3      | Found a stormy altar of Qazlal.
  3308 | D:3      | Found a shimmering blue altar of Sif Muna.
  3373 | D:3      | Killed Jessica
  3782 | D:4      | Reached skill level 1 in Dodging
  3831 | D:4      | Reached skill level 4 in Stealth
  4319 | D:5      | Entered Level 5 of the Dungeon
  4397 | D:5      | Noticed Edmund
  4417 | D:5      | Gained mutation: You have razor-sharp teeth. [Vine Stalker
                  | growth]
  4417 | D:5      | Reached XP level 8. HP: 40/40 MP: 12/12
  4534 | D:5      | Found a staircase to the Ecumenical Temple.
  4572 | D:5      | Reached skill level 5 in Stealth
  4578 | Temple   | Entered the Ecumenical Temple
  4608 | Temple   | Became a worshipper of Uskayaw the Reveller
  4695 | D:5      | Reached * piety under Uskayaw
  4697 | D:5      | Killed Edmund
  4697 | D:5      | Reached ** piety under Uskayaw
  4749 | D:5      | Reached skill level 5 in Short Blades
  4846 | D:5      | Found a shimmering altar of Xom.
  4895 | D:5      | Noticed Eustachio
  5094 | D:5      | Killed Eustachio
  5372 | D:6      | Reached skill level 6 in Stealth
  5380 | D:6      | Noticed Menkaure
  5380 | D:6      | Noticed Duvessa
  5394 | D:6      | Noticed Dowan
  5421 | D:5      | Killed Menkaure
  5450 | D:6      | Killed Duvessa
  5451 | D:6      | Reached XP level 9. HP: 43/45 MP: 10/13
  5455 | D:6      | Reached *** piety under Uskayaw
  5456 | D:6      | Killed Dowan
  5613 | D:6      | Reached **** piety under Uskayaw
  5617 | D:6      | Reached ***** piety under Uskayaw
  5710 | D:6      | Noticed Grinder
  5712 | D:6      | Paralysed by Grinder for 7 turns
  5721 | D:6      | Killed Grinder
  5722 | D:6      | Reached skill level 7 in Stealth
  5815 | D:6      | Reached skill level 5 in Armour
  5959 | D:6      | Noticed Blork the orc
  5972 | D:6      | Killed Blork the orc
  6259 | D:7      | Found a glowing golden altar of the Shining One.
  6402 | D:7      | Found Giruxeusch's Distillery.
  6456 | D:7      | Found an ornate altar of the Wu Jian Council.
  7175 | D:8      | Reached skill level 8 in Stealth
  7175 | D:8      | Reached skill level 5 in Shields
  7244 | D:8      | Noticed a purple ugly thing
  7262 | D:8      | Killed a purple ugly thing
  7263 | D:8      | Reached XP level 10. HP: 51/51 MP: 14/14
  7279 | D:8      | Identified the +0 leather armour "Jastra" {rElec Str+2
                  | Dex+2}
  7539 | D:8      | Found a staircase to the Lair.
  7881 | D:8      | Reached skill level 5 in Fighting
  9063 | D:9      | Reached skill level 1 in Invocations
  9070 | D:9      | Reached skill level 9 in Stealth
  9165 | D:9      | Found a runed translucent door.
  9167 | D:9      | Noticed dolemite99's ghost (novice DjTm)
  9235 | D:9      | Found a sparkling altar of Nemelex Xobeh.
  9251 | D:9      | Noticed a two-headed ogre
  9260 | D:9      | Killed a two-headed ogre
  9765 | D:10     | Entered Level 10 of the Dungeon
  9824 | D:10     | Reached XP level 11. HP: 56/56 MP: 14/17
  9881 | D:10     | Mangled by a shadow

Illustrated notes

Levels and vault maps discovered:
D:1:      kb_arrival_jail, layout_basic, shapermc_ecumenical_altar_rom_forum
D:2:      layout_basic
D:3:      layout_loops_ring, minitemple, uniq_crazy_yiuf_cottage, uniq_jessica,
          uniq_ijyb
D:4:      layout_basic
D:5:      layout_loops_ring, lemuel_tele_altar,
          minmay_temple_entry_statues_pillars, uniq_eustachio, uniq_edmund
D:6:      layout_gridville, uniq_blork_the_orc, uniq_duvessa, uniq_grinder,
          uniq_menkaure
D:7:      layout_gridville, mainiacjoe_overflow_alcove_4,
          nicolae_wu_jian_wuxing_cycle, serial_shops, shop,
          mrwooster_statue_mirror
D:8:      kennysheep_housing_project, layout_basic, lair_entry_dummy,
          minmay_fire_ice_demons
D:9:      layout_cave_pools, nemelex_spade_bored_becter, gammafunk_ghost_grave
D:10:     layout_loops_ring, gammafunk_ghost_icy, serial_bayou_crossing,
          uniq_joseph, uniq_sonja, uniq_grum, uniq_gastronok
Temple:   cyrus_temple_forest

Skill      XL: |  1  2  3  4  5  6  7  8  9 10 |
---------------+-------------------------------+-----
Stealth        | 1 2 3 4 6 8 9 |  9.5
Short Blades   | 2 3 4 5 7 |  7.7
Spellcasting   | 1 2 3 |  3.5
Shields        | 3 4 5 6 |  6.0
Fighting       | 3 4 5 |  5.2
Armour         | 3 4 5 6 |  6.4
Dodging        | 1 2 3 |  3.0
Invocations    | 2 |  2.2
Evocations     | |  0.1

Action                   |  1- 3 |  4- 6 |  7- 9 | 10-12 || total
-------------------------+-------+-------+-------+-------++-------
Melee: Rapier            |   129 |    98 |   318 |   272 ||   817
       Bite              |    28 |    26 |    94 |    93 ||   241
Evoke: Wand              |       |       |     3 |       ||     3
  Use: Scroll            |     6 |     3 |     7 |     6 ||    22
       Potion            |       |     2 |     2 |       ||     4
 Stab: Sleeping          |       |       |     3 |     4 ||     7
       Paralysed         |       |       |     9 |     9 ||    18
Armor: Scale mail        |    48 |    29 |   108 |    88 ||   273
Dodge: Dodged            |    39 |    23 |   105 |   127 ||   294
Block: Kite shield       |    73 |    43 |   168 |   172 ||   456

Table legend: (Time is in decaauts)
 A = Elapsed time spent in this place.
 B = Non-inter-level travel time spent in this place.
 C = Inter-level travel time spent in this place.
 D = Time resting spent in this place.
 E = Time spent auto-exploring this place.
 F = Levels seen in this place.
 G = Mean time per level.
                   A        B        C        D        E       F      G
               +--------+--------+--------+--------+--------+-----+--------+
         Total |   9994 |   9767 |    227 |   1120 |   5515 |  11 |  908.5 |
       Dungeon |   9936 |   9732 |    204 |   1120 |   5515 |  10 |  993.6 |
        Temple |     58 |     35 |     23 |      0 |      0 |   1 |   58.0 |
               +--------+--------+--------+--------+--------+-----+--------+

Top non-repeatable levels by time:
     D:8: 1569 daAuts
     D:3: 1247 daAuts
     D:9: 1176 daAuts
     D:2: 1135 daAuts
     D:1: 1090 daAuts
     D:5: 1024 daAuts
     D:4: 938 daAuts
     D:6: 860 daAuts
     D:7: 778 daAuts
    D:10: 115 daAuts
  Temple: 58 daAuts
